 Dungeon Crawl Stone Soup version 0.14-a0-2162-g062a2ce (webtiles) character file.

127 M4edhros the Vandal (level 4, 0/28 HPs)
             Began as an Octopode Hunter on Jan 28, 2014.
             Killed by nerve-wracking pain
             ... invoked by an orc priest
              (8 damage)
             ... on Level 3 of the Dungeon.
             The game lasted 00:02:14 (1067 turns).

M4edhros the Vandal (Octopode Hunter)               Turns: 1067, Time: 00:02:14

HP   0/28        AC  4     Str 16      XL: 4   Next: 32%
MP   0/4         EV 12     Int 13      God:
Gold 51          SH  0     Dex 10 (13) Spells:  0 memorised,  3 levels left

rFire  . . .     SeeInvis .     o - +0,+1 dwarf cutlass
rCold  . . .     Clarity  .     (no shield)
rNeg   . . .     Conserve .     (helmet restricted)
rPois  .         rCorr    .     g - amulet of guardian spirit
rElec  .         rRot     .     s - +3 ring of protection
SustAb . .       Spirit   +     (no ring)
rMut   .         Warding  .     (no ring)
Saprov . . .     Stasis   .     (no ring)
MR     .....                    (no ring)
                                (no ring)
                                (no ring)
                                (no ring)

@: mighty, not resistant to hostile enchantments, quite stealthy
A: almost no armour, amphibious, 8 rings, constrict 8, camouflage 2, gelatinous
body 1
a: no special abilities


You were on level 3 of the Dungeon.
You were not hungry.

You visited 1 branch of the dungeon, and saw 3 of its levels.

You collected 51 gold pieces.

Inventory:

Hand weapons
 b - a +1,+1 sling
 o - a +0,+1 dwarven cutlass (weapon)
Missiles
 c - 18 sling bullets
 i - 110 stones (quivered)
Comestibles
 f - a bread ration
Scrolls
 d - 2 scrolls of remove curse {unknown}
 e - a scroll of amnesia {unknown}
 j - 3 scrolls of enchant weapon I
 k - a scroll of fear {unknown}
 l - a scroll of identify
 m - a scroll of enchant armour {unknown}
 p - a scroll of magic mapping {unknown}
 q - a scroll of curse weapon {unknown}
 t - a scroll of fog {unknown}
Jewellery
 g - an amulet of guardian spirit (around mantle)
 h - an uncursed amulet of guardian spirit
 s - a +3 ring of protection (left tentacle)
Potions
 a - a potion of degeneration


   Skills:
 - Level 1.0 Fighting
 * Level 5.7 Slings
 - Level 2.0 Dodging
 + Level 1.3 Stealth


You had 3 spell levels left.
You didn't know any spells.

Dungeon Overview and Level Annotations

Branches:
Dungeon (3/16)

Altars:


Innate Abilities, Weirdness & Mutations

You cannot wear most types of armour.
You are amphibious.
You can wear up to eight rings at the same time.
You can use your tentacles to constrict many enemies at once.
Your skin blends seamlessly with your surroundings (Stlth).
Your rubbery body absorbs attacks (AC +1).


Message History

As you read the scroll labeled THIK YGUISEY, it crumbles to dust.
Use on which item? (\ to view known items) (? for menu, Esc to quit)
j - 3 scrolls of enchant weapon I It was a scroll of identify.
You slash the orc!
You kill the orc!
The orc priest becomes somewhat translucent.
You closely miss the orc priest. You grab the orc priest.
You constrict the orc priest, but do no damage.
The orc priest calls down the wrath of Beogh upon you.
Something smites you!
* * * LOW HITPOINT WARNING * * *
The orc priest hits you but does no damage.
You hit the orc priest.
You squeeze the orc priest, but do no damage.
The orc priest is lightly wounded.
You constrict the orc priest.
The orc priest mumbles some strange prayers to Beogh against you.
Pain shoots through your body!
You die...

..... .....
.... ......
... .......
.o #.......
o# #.......
#.######.#
#.....(.
#........#
#.......
##########%.#
##......
#.(.....@oo.#
#.....%
#.########o##
#......
#.####
##......
#....#
........%
####.#
#....... #.#
..#.##.. #.#
. #. #.# #.#
. #.# #.#
#######.#


You could see 2 orc priests and an orc.

Vanquished Creatures
  2 adders (D:2)
  A giant mite (D:2)
  3 giant geckos
  An orc (D:3)
  6 bats
  9 hobgoblins
  5 jackals (D:1)
  A quokka (D:2)
  2 ball pythons
  3 giant cockroaches
  2 giant newts
  4 goblins
  3 kobolds
  2 rats (D:2)
44 creatures vanquished.

Notes
Turn   | Place    | Note
--------------------------------------------------------------
     0 | D:1      | M4edhros, the Octopode Hunter, began the quest for the Orb.
     0 | D:1      | Reached XP level 1. HP: 13/13 MP: 1/1
    64 | D:1      | Reached XP level 2. HP: 18/18 MP: 2/2
   319 | D:1      | Reached XP level 3. HP: 19/23 MP: 3/3
   370 | D:2      | Reached skill level 5 in Slings
   694 | D:2      | Reached XP level 4. HP: 20/28 MP: 4/4
   920 | D:3      | Gained mutation: You have a slow metabolism. [potion of mutation]
   920 | D:3      | Lost mutation: You have a slow metabolism. [potion of mutation]
   920 | D:3      | Gained mutation: Your skin blends seamlessly with your surroundings (Stlth). [potion of mutation]
  1057 | D:3      | HP: 1/28 [orc priest/divine providence (12)]
  1067 | D:3      | Killed from afar by an orc priest

Action                   |  1- 3 |  4- 6 || total
-------------------------+-------+-------++-------
Melee: Short sword       |    40 |       ||    40
       Cutlass           |     2 |    15 ||    17
 Fire: Sling             |    24 |       ||    24
  Use: Potion            |       |     6 ||     6
       Scroll            |       |     1 ||     1
 Stab: Sleeping          |     3 |       ||     3
